 Dungeon Crawl Stone Soup version 0.31.0-1-g2c135a0 (webtiles) character file.

Game seed: 10405960593266050310

480 samcosmo the Firebug (level 6, -4/50 HPs)
             Began as a Draconian Fire Elementalist on Mar 18, 2024.
             Slain by Pikel
             ... wielding a +2 whip of electrocution
              (9 damage)
             ... on level 3 of the Dungeon.
             The game lasted 00:09:01 (3164 turns).

samcosmo the Firebug (Draconian Fire Elementalist)  Turns: 3164, Time: 00:09:01

Health: -4/50      AC:  7    Str: 10    XL:     6   Next: 86%
Magic:  10/12      EV: 12    Int: 18    God:
Gold:   127        SH:  0    Dex: 11    Spells: 10/13 levels left

rFire   + . .        b - staff of fire
rCold   . . .        (no shield)
rNeg    . . .        (body armour unavailable)
rPois   .            (helmet restricted)
rElec   .            (no cloak)
rCorr   .            (no gloves)
SInv    .            g - +0 pair of boots
Will    .....        m - amulet of the acrobat
Stlth   ++           (no ring)
HPRegen 0.28/turn    (no ring)
MPRegen 0.13/turn

%: acrobat
@: no status effects
A: AC +6, unfitting armour, cold-blooded
a: no special abilities


You were on level 3 of the Dungeon.
You visited 1 branch of the dungeon, and saw 4 of its levels.

You collected 127 gold pieces.

Inventory:

Hand Weapons
 f - a +1 dagger of draining
Armour
 g - a +0 pair of boots (worn)
Magical Staves
 b - a staff of fire (weapon)
Jewellery
 m - an amulet of the acrobat (around neck)
Wands
 o - a wand of digging (6)
Scrolls
 c - a scroll of noise
 i - a scroll of teleportation
 k - a scroll of immolation
Potions
 d - a potion of might
 e - a potion of curing
 h - a potion of degeneration {unknown}
 n - 2 potions of resistance


   Skills:
 + Level 2.9 Fighting
 + Level 3.1 Dodging
 - Level 1.7 Stealth
 + Level 4.3 Spellcasting
 - Level 1.0 Conjurations
 * Level 5.0 Fire Magic


You had 10 spell levels left.
You knew the following spells:

 Your Spells              Type           Power      Damage    Failure   Level
a - Foxfire               Conj/Fire      88%        2x1d8     4%          1
b - Scorch                Fire           66%        2d7       2%          2

Your spell library contained the following spells:

 Spells                   Type           Power      Damage    Failure   Level
 Apportation              Tloc           6%         N/A       14%         1
 Inner Flame              Hex/Fire       19%        N/A       16%         3
 Volatile Blastmotes      Fire/Tloc      38%        2d13      16%         3
 Call Imp                 Summ           6%         N/A       22%         2
 Jinxbite                 Hex            6%         N/A       22%         2
 Sublimation of Blood     Necr           3%         N/A       22%         2
 Flame Wave               Conj/Fire      22%        2d8       38%         4
 Alistair's Intoxication  Alch           2%         N/A       98%         5
 Summon Hydra             Summ           1%         N/A       100%        7


Dungeon Overview and Level Annotations

Branches:
Dungeon (4/15)
 Temple: D:4-7

Altars:
Trog
Uskayaw

Annotations:
D:3 Pikel


Innate Abilities, Weirdness & Mutations

Your plain brown scales are hard. (AC +6)
You cannot fit into any form of body armour.
You are cold-blooded and may be slowed by cold attacks.


Message History

Pikel is severely wounded.
The lemure shouts!
A lemure comes into view.
Pikel hits you with a +2 whip of electrocution!
You are electrocuted!!
Pikel hits you with a +2 whip of electrocution.
You climb upwards.
There is a stone staircase leading down here.
You hit Pikel.
Your tail-slap misses Pikel.
Pikel is severely wounded.
Pikel hits you with a +2 whip of electrocution.
You hit Pikel.
Pikel is severely wounded.
Pikel hits you with a +2 whip of electrocution!
* * * LOW HITPOINT WARNING * * *
You closely miss Pikel.
Pikel is severely wounded.
Pikel is no longer more vulnerable to fire.
Pikel hits you but does no damage.
You miss Pikel.
Pikel is severely wounded.
Pikel hits you with a +2 whip of electrocution.
* * * LOW HITPOINT WARNING * * *
Okay, then.
You feel much better.
Pikel cracks his whip.
Pikel hits you with a +2 whip of electrocution.
Magic courses through your body.
Pikel hits you with a +2 whip of electrocution!
* * * LOW HITPOINT WARNING * * *
Casting: Scorch (safe; 2% risk of failure)
Confirm with . or Enter, or press ? or * to list all spells.
You feel a surge of power!
Flames lash Pikel.
Pikel is almost dead.
Pikel's fire resistance burns away.
Pikel hits you with a +2 whip of electrocution!
* * * LOW HITPOINT WARNING * * *
You are electrocuted!
You die...
Pikel says, "See you in Hell!"

.........................#
.........................#
......#.########.........#
.........................#
#######.#####..#.........#
##.......................#
#........................#
........................##
...............K@......##
....................####
....................#
....................######
................######...#
##..............## #...#
....#............#####...#
.........................#
.................##....###


You could see Pikel (combustible).

Vanquished Creatures
  Grinder (D:3)
  A scorpion (D:4)
  Terence (D:3)
  Natasha (thrice) (D:2)
  6 adders
  A ribbon worm (D:3)
  2 dart slugs
  An orc (D:4)
  8 endoplasms
  5 goblins
  7 hobgoblins
  7 jackals
  2 quokkas
  8 ball pythons
  8 bats
  2 frilled lizards
  5 kobolds
  8 rats
76 creatures vanquished.

Vanquished Creatures (others)
  189 foxfires
189 creatures vanquished.

Grand Total: 265 creatures vanquished

Notes
Turn   | Place    | Note
-------+----------+-------------------------------------------
     0 | D:1      | samcosmo the Draconian Fire Elementalist began the quest
                  | for the Orb.
     0 | D:1      | Reached XP level 1. HP: 14/14 MP: 3/3
   109 | D:1      | Reached XP level 2. HP: 14/20 MP: 1/5
   745 | D:1      | Reached XP level 3. HP: 22/26 MP: 4/7
  1044 | D:1      | Found a faded altar of an unknown god.
  1183 | D:2      | Noticed Natasha
  1188 | D:2      | Killed Natasha
  1258 | D:2      | Noticed Natasha
  1270 | D:2      | Killed Natasha
  1271 | D:2      | Reached skill level 1 in Fighting
  1271 | D:2      | Reached XP level 4. HP: 9/35 MP: 0/9
  1538 | D:2      | Learned a level 2 spell: Scorch
  1577 | D:2      | Noticed Natasha
  1582 | D:2      | Killed Natasha
  1697 | D:2      | Reached XP level 5. HP: 40/40 MP: 6/10
  2365 | D:3      | Found a hide-covered altar of Uskayaw.
  2476 | D:3      | Noticed Terence
  2485 | D:3      | Reached skill level 4 in Fire Magic
  2494 | D:3      | Killed Terence
  2625 | D:3      | Found a bloodstained altar of Trog.
  2762 | D:3      | Noticed Grinder
  2768 | D:3      | Killed Grinder
  2769 | D:3      | Reached XP level 6. HP: 43/50 MP: 5/12
  3059 | D:4      | Reached skill level 5 in Fire Magic
  3143 | D:4      | Noticed Pikel
  3164 | D:3      | Slain by Pikel

Illustrated notes

Levels and vault maps discovered:
D:1:      ldierk_walled_garden_2, layout_loops_ring,
          shapermc_ecumenical_altar_hornbeckon, minmay_liquid_box,
          corexii_hall_statues_s
D:2:      layout_loops_ring, hex_tiny, uniq_natasha
D:3:      layout_rooms, nicolae_overflow_crystal_walls,
          overflow_temple_1_default, due_unseen_surprise, uniq_grinder,
          uniq_terence
D:4:      layout_basic, st_stairs_5, nicolae_letterblocks
          [nicolae_letter_subblock, nicolae_letter_subblock,
          nicolae_letter_subblock, nicolae_letter_subblock,
          nicolae_letter_subblock, nicolae_letter_subblock,
          nicolae_letter_subblock, nicolae_letter_subblock,
          nicolae_letter_subblock, nicolae_letter_subblock,
          nicolae_letter_subblock, nicolae_letter_subblock,
          nicolae_letter_subblock, nicolae_letter_subblock,
          nicolae_letter_subblock, nicolae_letter_subblock,
          nicolae_letter_subblock, nicolae_letter_subblock,
          nicolae_letter_subblock, nicolae_letter_subblock,
          nicolae_letter_subblock, nicolae_letter_subblock,
          nicolae_letter_subblock, nicolae_letter_subblock,
          nicolae_letter_subblock], uniq_pikel

Skill      XL: |  1  2  3  4  5  6 |
---------------+-------------------+-----
Spellcasting   | 3 4 |  4.3
Fighting       | 1 2 |  2.9
Dodging        | 2 3 |  3.1
Fire Magic     | 4 5 |  5.0
Stealth        | |  1.7
Conjurations   | |  1.0

Action                     |  1- 3 |  4- 6 || total
---------------------------+-------+-------++-------
  Melee: Unarmed           |    37 |       ||    37
         Tailslap          |    11 |     2 ||    13
         Dagger            |    23 |    43 ||    66
         Staff             |       |    19 ||    19
         Punch             |       |     1 ||     1
   Cast: Foxfire           |    52 |    56 ||   108
         Scorch            |       |    16 ||    16
    Use: Scroll            |       |    11 ||    11
         Potion            |       |     2 ||     2
   Stab: Sleeping          |     1 |     4 ||     5
 Armour: Skin              |    42 |    56 ||    98
  Dodge: Dodged            |    45 |    51 ||    96
